[Event "44th Chess Olympiad Women 2022"]
[Site "Chennai"]
[Date "2022.08.05"]
[Round "7.9"]
[White "Miranda Llanes, Yerisbel"]
[Black "Bayarmaa, Bayarjargal"]
[Result "1/2-1/2"]
[WhiteElo "2347"]
[BlackElo "2171"]
[Annotator "TA"]
[PlyCount "184"]
[EventDate "2022.??.??"]
[TimeControl "60"]

1. d4 Nf6 2. c4 g6 3. Nc3 Bg7 4. e4 d6 5. Nf3 O-O 6. Be2 e5 7. Be3 Bg4 8. h3 {[%emt 0:00:
00] E91: King's Indian: Classical: 6 Be2, unusual replies including 6...c5 and
6...Bg4.} (8. d5 $14) 8... Bxf3 $11 9. Bxf3 exd4 10. Bxd4 {[%emt 0:00:45] The position is equal.} Nc6 11. Be3 Re8 12. O-O Nd7 13. Qd2 {[%emt 0:07:46] [#]} Bxc3 $146 ({Predecessor:} 13... Nc5 14. Rae1 a5 15. Bg5 Bxc3 16. bxc3 f6 17. Bh4
Ne5 18. Bd1 g5 19. Bg3 Kh8 {0-1 (89) Mecking,H-Matulovic,M Palma de Mallorca
1970}) 14. Qxc3 Qf6 15. Qc2 Nc5 16. Rab1 a5 17. a3 a4 18. Rfd1 {[%emt 0:01:39] Prevents Nd4.} Qe7 19. Re1 Qf6 ({Much worse is
} 19... Nxe4 20. Bf4 f5 21. Rbd1 $11) (19... Qh4 $15) 20. Rbd1 (20. Red1 $11) 20... Nb3 (20... Ra6 $15) 21. Be2 Ncd4 22. Qd3 Ne6 {[%emt 0:
00:00] Pair of Knights!} 23. Qc2 Ned4 24. Qd3 Ne6 25. Qb1 h5 26. Bf1 h4 27. Bd2 (27. Be2 $11 {remains equal.}) 27... Nxd2 $17 28. Rxd2 Nc5 29. Rd5 b6 30. Qc2 (30. Rdd1 $15) 30... Re6 31. f3 Qf4 32. Red1 Rae8 33. Qd2 Qxd2 34. R5xd2 Rf6 35. Bd3 Kg7 36. Bc2 Rf4 37. Rd4 {
[%emt 0:04:43] [#]} g5 (37... f5 $1 $17) 38. Kf2 Kh6 39. R1d2 Re5 40.
Rd1 Kg7 41. R1d2 Kf6 42. Rd1 Ke7 43. R1d2 Rf6 44. Rd1 Rg6 45. Rd5 Rg8 46. R5d2 Ra8 47. Rc1 Ne6 48. Rcd1 Nf4 49. Bd3 b5 50. Bf1 bxc4 51. Rc1 Rb5 52. Bxc4 Rc5 53. Rcc2 Rb8 54. Ke3 (
54. g3 $15 hxg3+ 55. Kxg3) 54... f6 55. Kd4 Ra5 ({Black should play} 55... c6 $17) 56. Ke3 c6 57. Rc3 (57. Bf1 $15) 57... Rb6 58. Kf2 d5 59. exd5 cxd5 60. Bf1 Ra7 61.
g3 hxg3+ 62. Kxg3 Rab7 63. Rcc2 Kd6 64. h4 Ke5 {[%emt 0:00:45] [#] Hoping for ...gxh4+.} 65. hxg5 Rg7 (65... fxg5 $15 66. Rh2 Kf5) 66. Rc8 $11 Rxg5+ 67. Kf2 Rh5 68. Kg3 {
[%emt 0:01:08] Prevents Rh2.} Rg5+ 69. Kf2 Ne6 70. Ra8 Nc5 71. Re8+ Kd6 $1 72. Rd8+ Kc6 73. Rc2 {[%emt 0:00:18] aiming for Rc8+.} Kc7 {[%emt 0:00:22] Against
Rc8+} 74. Ra8 Kb7 (74... Rc6 $11 75. Rd2 Nb3)
75. Ra5 $16 Ne6 76. Rxa4 Rh5
{[%emt 0:00:13] Against Rh4} 77. Bg2 Rb5 (
77... Rb3 $1 $14) 78. Rg4 (78. Re2 $16 Nc7 79. Rg4) 78... Rh7 (78... Rb3 $1 $14) 79. b4 f5 80. Rg6 (80. Rg8 $142) 80... Nf4 81. Rg5 ({White should try} 81. Rf6 $16) 81... d4 $11 82. Rd2 (82. Rc4 $5 ) 82... Rd5 83. Kg3 Nh5+ 84. Kf2 {[%emt 0:00:42][%cal
Yf3f4] Strongly threatening f4!} Nf4 85. Kg3 (85. Rd1 {looks sharper.} Rc7 86. Bf1 d3 87. Ke3) 85... Nxg2 86. Kxg2 {[%emt 0:00:17] Endgame KRR-KRR} Rc7 87. Kf2 Rc3 88. Rg1 Rxa3 89. Rgd1 d3 (89... f4 $1 $11) 90. Ke3
$14 {[%emt 0:00:37][%cal Rd2d3] White is slightly better.} Rb3 91. Rxd3 Rdxd3+ 92. Rxd3 Rxb4 {[%emt 0:01:25] Weighted Error Value: White=0.17 (very precise) /Black=0.
11 (very precise)} 1/2-1/2

[Event "44th Chess Olympiad Women 2022"]
[Site "Chennai"]
[Date "2022.08.05"]
[Round "7.9"]
[White "Munkhzul, Turmunkh"]
[Black "Arribas Robaina, Maritza"]
[Result "1-0"]
[WhiteElo "2277"]
[BlackElo "2239"]
[Annotator "NA RC"]
[PlyCount "127"]
[EventDate "2022.??.??"]
[TimeControl "60"]

1. d4 Nf6 2. Bf4 d6 3. e3 g6 4. Nc3 Bg7 5. h4 Nbd7 6. g4 e5 7. dxe5 dxe5 8. Bg3 c6 9. Be2 Qa5 10. Qd2 Nd5 11. Ne4 Qxd2+ 12. Nxd2 Nb4 13. Kd1 Nb6 14. e4 a5 15. c3 Na6 16. f3 Be6 17. Bf2 Nd7 18.
Bc4 Nac5 19. Bxe6 Nxe6 20. Ne2 h5 21. gxh5 Rxh5 22. Kc2 Bf6 23.
Nc4 Be7 24. Rad1 Ra6 25. Ng3 Rh8 26. h5 gxh5 27. Nf5 b5 28.
Ncd6+ Bxd6 29. Nxd6+ Ke7 30. Bh4+ f6 31. Nf5+ Ke8 32. Rd6 Ng5 33. Ng7+ Ke7 34. Rhd1 Nf8 35. Nf5+ Kf7 36. Rg1 Nge6 37. Rd8 Ra7 38. Rc8 Rd7 39. Rxc6 Nh7 40. Nh6+ Ke7 41. Rg6 Rhd8 42. Nf5+ Kf7 43. Rh6 Rd2+ 44. Kb3 a4+ 45. Ka3 b4+ 46. cxb4 R2d3+ 47. Kxa4 Ra8+ 48. Kb5 Nef8 49. Rc7+ Ke8 50. Rhxh7 Nxh7 51.
Rxh7 Rxa2 52. Bxf6 Rxb2 53. Re7+ Kf8 54. Bg7+ Kg8 55. Nh6+ Kh7 56. Bxe5+ Kxh6 57. Bxb2 Rxf3 58. Re8 h4 59. Be5 h3 60. Kc6 Kg5 61. b5 Rf2 62. Rg8+ Kh5 63. b6 Rc2+ 64. Kd5 1-0

[Event "44th Chess Olympiad Women 2022"]
[Site "Chennai"]
[Date "2022.08.05"]
[Round "7.10"]
[White "Hakimifard, Ghazal"]
[Black "Nandhidhaa, P V.."]
[Result "0-1"]
[WhiteElo "2296"]
[BlackElo "2312"]
[Annotator "TA"]
[PlyCount "102"]
[EventDate "2022.??.??"]
[TimeControl "60"]

1. e4 c5 2. Nf3 e6 3. d4 cxd4 4.
Nxd4 Nc6 5. Nc3 Qc7 6. Be3 Nf6 7. Be2 Be7 8. O-O O-O 9.
Kh1 d6 10. f4 Nxd4 11. Bxd4 e5 12. Be3 a6 {[%emt 0:00:19] is the legacy move (12...exf4).} 13. a4 exf4 14. Rxf4 Be6 {[%emt 0:01:54] B85:
Sicilian Scheveningen: 6 Be2 a6, lines with early Be3.} 15. Nd5 Bxd5 16. exd5 Nd7 {[%emt 0:10:22] The
position is equal.} 17. Bd4 Ne5 (17... Rae8 {
feels hotter.} 18. Bd3 g6 19. Qg4 Ne5) 18. a5 {[%emt 0:10:58][%cal Yc2c4] [#]}
g6 $146 ({Predecessor:} 18... f5 19. c4 Bg5 20. Rf1 g6 21. Ra3
Bf6 22. b4 Rae8 23. Bb6 Qf7 24. c5 Nd7 25. c6 Nb8 26. b5 Re5 27. c7 Nd7 28.
bxa6 Rxe2 29. Qxe2 Qxd5 30. Rd1 {1-0 (30) Pernutz,H (2193)-Berresheim,H (2195)
Germany 2002}) 19. Bb6 {[%emt 0:03:19] This bishop pair is nice.} Qd7 20. c4 Bg5 21. Rf1 Rac8 22. Qd4 Qe7 23. Rae1 Bh4 24. g3 Bf6 25. Qf4 Bg7 26. b4 Qd7 27. Rd1 Qa4 28. c5 Nd7 29. Bf3 ({Much worse is} 29. Qxd6
Rce8 30. c6 Nxb6 $17) (29. cxd6 Be5 30. Qg5 f6 $15) 29... Be5 30. Qh4 Qb5 31. Rfe1 Bc3 32. Re4 Nxb6 33. cxb6 (33. Be2 $15 Nc4 34. Rxc4) 33... Rfe8 $17 34.
Rf4 $2 {[%emt 0:00:35] [#]} (34. Re7 $17) 34... Be5 (34... Bd2
$1 $19 35. Rf6 (35. Rxf7 $2 Kxf7 36. Qxh7+ Kf6 $19) (35. Re4 Rxe4) 35... Rc4)
35. Re4 Rc2 {[%emt 0:00:42] Against Be2. Strongly threatening
...Rf2.} 36. Qh6 (36. Bg2 $17) 36... Rf2 (
36... f5 $19 37. Ree1 Qxb4) 37. Qe3 {[%emt 0:00:28] [#]} Rb2 {[%emt 0:00:00]
Threatens to win with ...f5.} (37... Rf1+ 38. Kg2 Rxd1 39. Bxd1 $15) 38. Be2 Qa4 {[%emt 0:00:36] White must now prevent ...f5.} 39. Rf1 {
[%emt 0:00:29] White does not recover from this.} (39. Rc1 $17) 39... Rxb4 (39... f5 $142 40. Rc4 Bf6) 40. Rxb4 Qxb4 41. Qf2 Re7 42. Bd3 Qxa5 43. Be4 Qb4 44.
Qc2 Qxb6 {[%emt 0:04:41] Black is clearly winning.} 45. Rb1 Qe3 46. Bg2 Bd4 47. Qc8+ Kg7 48. Rf1 Qd2 {[%emt 0:02:16] Hoping for ...Re1.} 49. h4 Re1 50. Rxe1 Qxe1+ 51. Kh2 Be5 {[%emt 0:01:51] Weighted Error Value: White=0.54/Black=0.16 (very
precise)} 0-1

[Event "44th Chess Olympiad Women 2022"]
[Site "Chennai"]
[Date "2022.08.05"]
[Round "7.10"]
[White "Karavade, Eesha"]
[Black "Georgescu, Lena"]
[Result "1-0"]
[WhiteElo "2339"]
[BlackElo "2279"]
[Annotator "TA"]
[PlyCount "67"]
[EventDate "2022.??.??"]
[TimeControl "60"]

1. d4 Nf6 2. c4 e6 3. g3 d5 4. Bg2 Bb4+ 5. Nd2 O-O 6. Ngf3 b6 7. O-O Bb7 8. a3 Be7 9. cxd5 $1 {
[%emt 0:01:22] 9.cxd5 is better than 9.b4.} exd5 10. b4 {
[%emt 0:03:41] E16: Queen's Indian: 4 g3 Bb7 5 Bg2 Bb4+.} c6 11. Bb2 a5 {[%emt 0:01:02] [#]} 12. Qb3 $146 {[%emt 0:05:33]
The position is equal.} ({Predecessor:} 12. bxa5 Rxa5 13. a4 Nbd7 14. Ne5 Qa8
15. Bh3 Rd8 16. Qb3 Ra6 17. Rfc1 c5 18. Nxd7 Nxd7 19. dxc5 Nxc5 {½-½ (57)
Gupta,A (2645)-Sebenik,M (2534) Chess.com INT 2017}) 12... Nbd7 13. Ne5 Nxe5 (13... axb4 $11 14. axb4 b5)
14. dxe5 $14 Nd7 15. e4 d4 16. Bxd4 axb4 17. axb4 Nxe5 18. Rxa8 Bxa8 19. Bxe5 (19. Qc3 $1 $16 Bxb4 20. Qxb4) 19... Qxd2 20. Bc3 Qd7 21. Rd1 Qc8 22. e5 {[%emt 0:09:06] Black should prevent Ra1.}
Rd8 (22... c5 $11) 23. Rxd8+ $16 Bxd8 {
[%emt 0:00:04] [#]} 24. Qc4 (24. e6 $1 $16 {Threatens to win
with Bh3.} fxe6 25. b5) 24... Bb7 25. h4 {[%emt 0:03:11][%cal
Ye5e6] White is more active.} Be7 26. Qe4 {[%emt 0:02:15]
[%cal Yb4b5] b5! is the strong threat.} (26. e6 $5 f6 27. h5 $14
) 26... b5 $1 27. Kh2 Qe6 28. Bh3 Qa2 29. Qd4 {[%emt 0:01:10][%cal
Ye5e6] And now e6! would win.} Bf8 {[%emt 0:01:30] [#]} 30. Bg2 (30. Bd2 $1 $16) 30... Qe6 31. Qb6 $36 {[%emt 0:
00:00] Prevents c5. White has some pressure.} Qc4 ({Better is
} 31... Qd7 $14) 32. Bd2 ({Much less strong is} 32. Qxb7 $6
Qxc3 33. f4 (33. Bxc6 Qxe5 34. Bxb5 Qe1 $11) 33... Bxb4 $14) 32... Qc2 $2 (32... Bc8 $16) 33. Be3 $18 ({Less strong is} 
33. Qxb7 Qxd2 34. f4 (34. Qxc6 Qxf2 35. Qxb5 Qe1 $11) 34... Qe2 $14) 33... Bc8 34. Qd8 {[%emt 0:00:33] Weighted Error Value: White=0.17 
(very precise) /Black=0.23 (precise)} 1-0

[Event "44th Chess Olympiad Women 2022"]
[Site "Chennai"]
[Date "2022.08.05"]
[Round "7.10"]
[White "Pratyusha, Bodda"]
[Black "Heinatz, Gundula"]
[Result "1/2-1/2"]
[WhiteElo "2310"]
[BlackElo "2196"]
[Annotator "TA"]
[PlyCount "134"]
[EventDate "2022.??.??"]
[TimeControl "60"]

1. e4 c6 2. d4 d5 3. Nc3 dxe4 4. Nxe4 Bf5 5. Ng3 Bg6 6. h4 h6 7. Nf3 Nd7 8. h5 Bh7 9. Bd3 Bxd3 10. Qxd3 e6 11. Bd2 Ngf6 12. O-O-O Be7 13. Kb1 Qb6 {[%emt 0:01:53] B19: Classical Caro-Kann: 4...Bf5 main
line.} 14. Rhe1 O-O-O (14... O-O $11 {
feels stronger.}) 15. c4 $14 Bb4 {[%emt 0:
03:38] [#] White is slightly better.} 16. Qe2 $146 ({
Predecessor:} 16. Qc2 Bxd2 17. Rxd2 Qc7 18. Red1 Rhe8 19. Re2 a6 20. Qc1 Kb8
21. a3 Ka8 22. Ka2 {0-1 (35) Tiarks,J (2178)-Bruedigam,M (2398) Germany 2019})
16... Bxd2 17. Rxd2 Qa5 18.
c5 Rhe8 19. Red1 Qc7 20. Qc4 (20. Ne5 $5 Rf8 21. Nc4
$14) 20... Qf4 21. Qa4 (21. Qc2
$11) 21... Nxc5 (21... Ne4 $15 22. Nxe4 Qxe4+ 23. Ka1 Kb8) 22.
Qxa7 Nce4 23. Nxe4 Qxe4+ {
[%emt 0:03:09] [#]} ({Black should try} 23... Nxe4 $14 24. Rc2 Qb8) 24. Ka1 (24. Rc2 $1 $16) 24... Kc7 $1 $11 {[%emt 0:03:24] next ...Qd5
is good for Black.} 25. Qa5+ Kb8 26. Qe5+ (26. Ne5 {is interesting.} Rd5 27. Qb4 Rc8 28. f3) 26... Qxe5 (26... Kc8 {looks sharper.} 27. Qa5 Qd5 28. Qb4 Qb5) 27. Nxe5 (27. dxe5 $15 {might be stronger.} Rxd2 28. Nxd2 Nxh5 29. Ne4)
27... Re7 ({Reject} 27... Nxh5 $6 28. Nxf7 Rd5 29. Ne5 $11) (
27... Ne4 $17 28. Re2 f5) 28. g4 $1 Nd5 29.
Kb1 f6 30. Ng6 Red7 31. Kc1 Kc7 32. a3 b5 33. Re1 Rd6 34.
Rde2 Kd7 35. Re4 Ra8 36. Kb1 Rb8 37. f3 Ra8 38. f4 Rg8 39.
f5 exf5 40. gxf5 Kd8 41. Kc2 Rd7 42. Re6 Kc7 43. Ne7 Nxe7 44.
Rxe7 {[%emt 0:00:00] Endgame KRR-KRR} Rgd8 45. Kc3 Kb6 46. Rxd7 Rxd7 {[%emt 0:00:00]
KR-KR} 47. Rg1 Kc7 48. Rg4 Kb6 49. b3 Ra7 50. Kb4 Rd7 51. a4 bxa4 52. bxa4 {[%emt 0:00:00] Threatens to win with a5+.} Rd5 {[%emt 0:00:14]
Inhibits a5+.} 53. Rxg7 Rxd4+ 54. Kb3 Rf4 55. Rg6 Rxf5 56. Rxh6 Kc5 57. Rh8 {[%emt 0:00:00] [#]
Strongly threatening h6.} Rf3+ 58. Kb2 Rh3 59. h6 Kc4 (59... Kb6 $11)
60. h7 ({White should play} 60. a5 $1 $14 Rd3 61. Rc8) 60...
f5 {[%emt 0:00:31] The position is equal.} 61. a5 Rb3+ 62. Kc2 Rb7 63. a6 Ra7 64. Kd2 Re7 65.
Rc8 Rxh7 66. Rxc6+ Kb5 67. Rf6 Ra7 {[%emt 0:00:08] Weighted Error
Value: White=0.15 (very precise) /Black=0.15 (very precise)} 1/2-1/2

[Event "44th Chess Olympiad Women 2022"]
[Site "Chennai"]
[Date "2022.08.05"]
[Round "7.10"]
[White "Stoeri, Laura"]
[Black "Vishwa Vasnawala"]
[Result "1/2-1/2"]
[WhiteElo "2084"]
[BlackElo "2305"]
[Annotator "TA"]
[PlyCount "172"]
[EventDate "2022.??.??"]
[TimeControl "60"]

1. e4 e5 2. Nf3 Nc6 3. Bb5 a6 4. Ba4 Nf6 5. d3 b5 6. Bb3 Bc5 7. a4 Rb8 8. O-O d6 9. axb5 axb5 10. h3 {[%emt 0:
00:00] C78: Ruy Lopez: Archangelsk and Möller Defences.} O-O {[%emt 0:04:24]
was the old line (10...h6).} 11. Nc3 h6 12.
Re1 {[%emt 0:15:05] [#]} Ne7 $146 ({Predecessor:} 12... Be6
13. Nd5 Nd4 14. Nxd4 Bxd5 15. Nf5 Bxb3 16. cxb3 d5 17. Qf3 dxe4 18. dxe4 Kh7 {
0-1 (54) Vignesh,N (2268)-Hemanth,R (1812) Kolkata 2013}) 13. Qe2 Ng6 14. Be3 Bxe3 15.
Qxe3 b4 16. Ne2 c5 17. Nd2 Nh5 18. Nc4 Nhf4 19. Qg3 Kh8 20. Ra7 Qf6 21. Ne3 Nh5 22. Qh2 Nh4 23. Ng4 (
23. Kf1 $11) 23... Qg6 $17 24. Kh1 f5 $1 25. exf5 Bxf5 (25... Nxf5 $17
26. Bd5 Be6) 26. Ng3 (26. Ne3 $11) 26... Bxg4 27. hxg4 Qxg4 28. Nxh5 Qxh5 29. Re4 Qd1+ (29... g5 $1
$19 30. f3 Rxf3 $1 31. gxf3 Qxf3+ 32. Kg1 Qd1+ 33. Kf2 Rf8+ 34. Rf7 Rxf7+ 35.
Bxf7 Qf3+ 36. Ke1 Qxf7) 30. Qg1 Qh5 (30...
Qxg1+ $1 $17 31. Kxg1 Nf5) 31. Qh2 $19 Qd1+ (
31... g5 $19 32. f3 Rxf3 $1 33. gxf3 Qxf3+ 34. Kg1 Qd1+ 35. Kf2 Rf8+ 36. Rf7
Rxf7+ 37. Bxf7 Qf3+ 38. Ke1 Qxf7 39. Rxh4 gxh4 40. Qxh4 Kg7) 32. Qg1 $17 Qxg1+ 33. Kxg1 Nf5 34. Bd5 Rf6 (34... Nd4 $1 $17 35. Re7
Rbe8) 35. Rg4 Rbf8 36. c3 bxc3 37. bxc3 g5 (37... Kh7
$11) 38. Rga4 $14 {[%emt 0:00:32] Black must now prevent Rb7. White has
compensation. White is more active.} Rg6 39. R4a6 (39. g4 $16 Nh4 40. Rd7) 39... Rg7 $2 (39... g4 $11) 40.
g4 $2 (40. Ra8 $1 $18 Rxa8 41. Rxa8+ Kh7 42.
Be4) 40... Ne7 $2 (40... Rxa7 $11 {and Black has nothing to
worry.} 41. Rxa7 Nh4) 41. Ra8 $1 $18 Rxa8 42.
Rxa8+ {[%emt 0:00:05] Endgame KRB-KRN} Ng8 $2 (42... Kh7 {
is more resistant.} 43. Be4+ Ng6) 43. Rd8 Kh7 44. Be4+ Kh8 45. Rxd6 (45.
Kg2 $142) 45... Rc7 46. c4 Kg7 47. Re6 Re7 48. Rc6 (
48. Rg6+ $18 Kf7 49. f3) 48... Nf6 $16 49. f3 Nxe4 50. dxe4 {[%emt 0:00:05] KR-KR} ({Reject} 50. fxe4 $6 Rd7
$11) 50... Rd7 51. Rxc5 Rd3 52. Kf2 ({Of course not} 52. Rxe5 Rxf3 53. c5 Rc3 $11) 52...
Rc3 53. Rc6 Rc2+ 54. Ke3 {
[%emt 0:00:07] And now Kd3 would win.} Rc3+ 55. Ke2 Rc2+ $2 (55... Kf7 $16 56. Kf2 (56. Rxh6 Rxc4 57. Kd2
Ra4 $16) 56... Rc2+ 57. Ke3 Rc3+ 58. Ke2 Kg7) 56. Kd3 $18 Rf2 57. Ke3 (57. c5 $142) 57... Ra2 58. Rd6 $1 Rc2 (58... Kf7 {might work
better.} 59. Rxh6 Ra3+ 60. Kf2 Rc3 61. Rh7+ Kg6) 59. Rc6 $2 (
59. Kd3 $18 Rc1 60. Re6) 59... Ra2 (59... Rc3+ $11 60. Ke2
Rc2+ 61. Kd3 Rf2) 60. Rc5 Ra3+ 61. Ke2 Ra2+ (61... Ra4 $16 {is a better defense.} 62.
Rxe5 Rxc4) 62. Ke3 (62. Kd1 $1 $18 {is the precise move to
win.}) 62... Ra3+ $16 {[%emt 0:00:02] [#]} 63. Kf2 (63. Kd2 $1
$16) 63... Ra2+ (63... Rc3 $1 $11 {remains equal.}) 64. Kg3 Kf6 65. Rc8 Rc2 66. c5 Kf7 67. Rc6 Kg7 68. Rc7+ Kf6 69. Rc6+ Kg7 $1 {[%emt 0:00:01] [#]} 70. Rc8 (70. Rd6
$1 $16) 70... Kf6 (70... Kf7 $11) 71. c6 Kf7 72. c7 {[%emt 0:00:33] Rh8 would kill now.} Kg7 {[%emt 0:00:
01] Against Rh8} 73. Re8 Rxc7 74. Rxe5 Rc2 75. Rd5 Re2 76. Rd6 Kh7 77. Rd3 Kg6 78. Rd6+ (78. Rd7 $16) 78... Kg7 (78... Kh7 $1 $11 {keeps the balance.}) 79. Rd1 Kf6 80. Rh1 Kg6 81. Rf1 Kf6 82. Rh1 Kg6 83.
Rh2 Re3 84. Kf2 Ra3 85. Rh1 ({White should try} 85. Rg2 $16) 85...
Ra2+ $1 $11 86. Kg3 ({White should play} 86.
Kg1 $11) 86... Re2 {[%emt 0:02:08] White used his chance. Weighted Error Value:
White=0.39/Black=0.62} 1/2-1/2

[Event "44th Chess Olympiad Women 2022"]
[Site "Chennai"]
[Date "2022.08.05"]
[Round "7.11"]
[White "Borosova, Zuzana"]
[Black "Narva, Mai"]
[Result "1-0"]
[WhiteElo "2277"]
[BlackElo "2385"]
[Annotator "TA"]
[PlyCount "140"]
[EventDate "2022.??.??"]
[TimeControl "60"]

1. e4 c5 2. Nf3 e6 3. d4 cxd4 4. Nxd4 Nc6 5. Nc3 Bc5 6. Nb3 (6. Ndb5 {with more complications.} Nf6 7. Nd6+ Ke7 8. Bf4) 6... Bb6 {
[%emt 0:00:21] B45: Sicilian Four Knights.} (6... Bb4 $11) 7. Qe2 Nge7 8. Be3 O-O {[%emt 0:02:25] The
position is equal.} 9. O-O-O d5 {[%emt 0:03:04] [#]} 10. Nb5
$146 {[%emt 0:28:25] Against d4} (10. f4 $11) ({Predecessor:} 10. exd5 exd5 11.
Kb1 Be6 12. Na4 Bxe3 13. Qxe3 Re8 14. Nac5 Qc8 15. Bd3 b6 16. Nxe6 fxe6 {
1-0 (55) Sztokbant,B (2194)-Laylo,D (2434) Chess.com INT 2020}) 10... Bd7 (10... a6 $15 11. N5d4 Nxd4 12. Bxd4 Bxd4 13. Nxd4 e5) 11. Kb1
$11 a5 (11... Bxe3 $11 12. Qxe3 Na5) 12. Nc5
$16 Bc8 13. Na4 {[%emt 0:09:59] White is
much more active. The black rooks are badly placed.} Bxe3 14.
Qxe3 d4 15. Qd2 ({Not} 15.
Nxd4 e5 16. c3 Re8 $17) (15. Qg3 $16) 15... e5 $14 16. Bc4 Na7 17. c3 Bd7 18. Qe2 Ng6 19.
cxd4 (19. g3 $1 $11) 19... Bxb5 (19... exd4
$17 20. f3 h6) 20. Bxb5 $11 exd4 (20... Nf4
$11 {deserves consideration.} 21. Qf1 exd4) 21. g3 $1 $14 Qd6
$1 22. b3 (22. a3 $14) 22... Qb4 $11 23. Bd3 Ne5 24. Qe1 (24. Rc1 $11 {keeps the balance.}) 24... Qd6 $1 $17 25. f4 (25. Qe2 $142) 25... Nxd3 26. Rxd3 b5 27. Nc3 (27. Nb2 $17 {
was necessary.}) 27... a4 $1 $19 28. Nd5 axb3 (28... Nc6 $19 {Threatens to win with ...Rfe8.} 29. f5 Ne5 30.
Rxd4 axb3) 29. Rxb3 Nc6 {[%emt 0:00:15] Prevents Qb4. White
must now prevent ...Rfe8.} 30. f5 (30. Qe2 $1 $15) 30... Ra3 (30... Ra4 $17 {Hoping for ...Rfa8.} 31. Rxb5 Rxa2 32. Kxa2
Ra8+ 33. Kb1 Qa3 34. Ne7+ Nxe7) 31. Rxa3 $11 Qxa3 32. Qc1 $1 Qf3 33. Re1 Ne5 {[%emt 0:00:28] aiming for ...Nd3.} 34. f6 $132 {[%emt 0:00:00] White is
not keeping still} gxf6 35. Qf4 (35. Qh6 $5 Nd7 36. Qd2 $11 (36. Ne7+ $2 Kh8 $17)) 35... Qd3+ 36. Ka1 Ng6 (36... Nf3 $2 37. Qh6 $1 Qc3+
38. Nxc3 $18) 37. Qxf6 Rc8 38. Qg5 {[%emt 0:
00:15] Against Qd2} ({White should play} 38. Rf1 $11 Rf8 39. Qf3) 38... Ra8 (38... Rc2 $15 39. Rc1 (39. Qd8+ $2 Kg7 $19) 39... Rxc1+ 40.
Qxc1 Kg7) 39. Rc1 Qe2 $2 {[%emt 0:00:29] [#]} (39... Qa3 $11
40. Rc2 d3) 40. Nf6+ $1 $18 ({Inferior is} 40. Nb4 d3 41. Qd5
Ra3 42. Qxb5 h5 $17) 40... Kh8 $2 (40... Kf8 {is more
resistant.} 41. Qd5 Ra6) 41. Qd5 $1 {[%emt 0:01:01][%csl Ya8,Yd4,Yf7] White is
clearly winning.} Ra7 (41... Rf8 $142 42. Qxd4 Qf3 43. Nd7+
Kg8 44. Nxf8 Nxf8) 42. Nh5 {[%emt 0:04:22] Intending Rc8+ and mate.} Rxa2+ 43. Qxa2 Qxh5 44. Qxf7 {
[%emt 0:00:09] Endgame Threatening mate with Rc8+. KQR-KQN} Qg4 {[%emt 0:00:17]
Inhibits Rc8+.} 45. Qf6+ Kg8 46. Qxd4 Nf8 47. Rf1 {[%emt 0:03:23] White threatens
Qd5+ and mate.} Ne6 48. Qd5 {[%emt 0:06:36] White wants to
mate with Rf6.} Qg7+ 49. e5 Qe7 50. Qd6 Qe8 51. Kb2 Kg7 52. Rf6 Ng5 53. Qc7+ Nf7 54. Rb6 Qxe5+ 55. Qxe5+ Nxe5 56. Rxb5 {[%emt 0:00:
16] KR-KN} Nf3 57. h4 Nd2 58. Kc2 Nf1 59. Rb3 Kg6 60. Kd1 Kh5 61. Ke2 Nh2 62. Kf2 Ng4+ 63.
Kg2 Kg6 64. Rb6+ Kh5 65. Rb5+ Kh6 66. Kf3 Nf6 67. g4 Kg6 68. Ra5 h6 69. Kf4 Kg7 70. Ra7+ Kg8 {[%emt 0:00:18] Quite a
comeback for White. Weighted Error Value: White=0.27 (precise) /Black=0.44} 1-0